 Dungeon Crawl Stone Soup version 0.26-a0-712-ga5a9c9c9d0 (webtiles) character file.

Game seed: 8354628059695078481

11084 kae the Transmogrifier (level 11, -2/71 HPs)
             Began as a Tengu Transmuter on Nov 12, 2020.
             Was an Initiate of Ru.
             Slain by a basilisk (6 damage)
             ... while petrified by a basilisk
             ... on level 1 of the Lair of Beasts.
             The game lasted 00:13:08 (17405 turns).

kae the Transmogrifier (Tengu Transmuter)          Turns: 17405, Time: 00:13:08

Health: -2/71      AC:  4    Str: 14    XL:     11   Next: 72%
Magic:  8/15       EV:  2    Int: 13    God:    Ru [......]
Gold:   936        SH:  0    Dex: 15    Spells: 1/14 levels left

rFire    + . .     SeeInvis .     - Unarmed
rCold    + . .     Faith    .   (shield currently unavailable)
rNeg     + + +     Spirit   .   a - +0 robe
rPois    ∞         Reflect  .   (helmet restricted)
rElec    .         Harm     .   l - +1 cloak
rCorr    .         Rampage  .   (gloves currently unavailable)
MR       .....                  (boots unavailable)
Stlth    +.........             (no amulet)
HPRegen  0.21/turn              e - ring of protection from fire
MPRegen  0.14/turn              j - ring of protection from cold

@: lethally poisoned (-2 -> -2), blade hands, petrified, flying quickly and
evasively, quick
A: beak, talons 3, able to fly
a: Stop Flying, End Transformation, Sacrifice Essence, Sacrifice Arcana,
Sacrifice Nimbleness, Reject Sacrifices, Renounce Religion


You were on level 1 of the Lair of Beasts.
You worshipped Ru.
Ru was noncommittal.
You had blades for hands.
You visited 3 branches of the dungeon, and saw 13 of its levels.

You collected 936 gold pieces.

Inventory:

Armour
 a - a +0 robe (worn)
 l - a +1 cloak (worn)
Jewellery
 e - a ring of protection from fire (left scythe-like blade)
 g - an uncursed amulet of faith
 j - a ring of protection from cold (right scythe-like blade)
 z - a cursed -4 ring of intelligence
 A - a +6 ring of strength {unknown}
 E - an uncursed amulet of reflection {unknown}
Wands
 u - a wand of disintegration (10)
 w - a wand of acid (9)
 x - a wand of random effects (17)
Scrolls
 b - 5 scrolls of identify
 c - 2 scrolls of enchant weapon
 f - 2 scrolls of teleportation
 s - 4 scrolls of fog
 t - 6 scrolls of amnesia
 y - a scroll of enchant armour
 B - 2 scrolls of remove curse
 C - 2 scrolls of blinking {unknown}
Potions
 d - a potion of lignification
 h - a potion of haste
 i - 11 potions of curing
 k - a potion of ambrosia
 m - a potion of cancellation
 n - 2 potions of brilliance
 o - 2 potions of berserk rage
 p - 3 potions of might
 q - a potion of degeneration
 r - a potion of invisibility
 v - 4 potions of heal wounds
 D - a potion of stabbing {unknown}
 F - a potion of flight {unknown}


   Skills:
 + Level 9.2 Fighting
 - Level 2.1 Dodging
 + Level 10.6 Unarmed Combat
 - Level 2.0 Spellcasting
 * Level 10.9 Transmutations


You had one spell level left.
You knew the following spells:

 Your Spells              Type           Power        Failure   Level
a - Beastly Appendage     Tmut           ####..       10%         1
b - Spider Form           Tmut/Pois      ###.......   43%         3
c - Blade Hands           Tmut           ####......   41%         5
d - Ice Form              Ice/Tmut       ###.....     69%         4

Your spell library contained the following spells:

 Spells                   Type           Power        Failure   Level
 Magic Dart               Conj           #...         69%         1
 Wereblood                Tmut           ####....     11%         2
 Blink                    Tloc           N/A          78%         2
 Call Imp                 Summ           #.......     78%         2
 Slow                     Hex            #.......     78%         2
 Conjure Flame            Conj/Fire      #.......     91%         3
 Mephitic Cloud           Conj/Pois/Air  #.......     91%         3


Dungeon Overview and Level Annotations

Branches:
Dungeon (11/15)            Temple (1/1) D:6            Lair (1/6) D:10
    Orc (0/2) D:10

Altars:
Ashenzari
Cheibriados
Dithmenos
Elyvilon
Fedhas
Gozag
Hepliaklqana
Kikubaaqudgha
Makhleb
Nemelex Xobeh
Okawaru
Qazlal
Ru
Sif Muna
Trog
Uskayaw
Vehumet
Wu Jian
Xom
Yredelemnul
Zin
The Shining One

Shops:
D:11 [

Annotations:
D:8 2 transporters, Grum; gbos's ghost, journeyman GrEE


Innate Abilities, Weirdness & Mutations

You have a beak for a mouth.
You have claws for feet.
You can fly continuously.


Message History

Unknown command.
You hit the basilisk. Your kick misses the basilisk.
The basilisk is severely wounded.
The basilisk gazes at you. You resist with some effort.
Your limbs are stiffening.
Unknown command.
You hit the basilisk. Your kick misses the basilisk.
The basilisk is almost dead.
The basilisk bites you!
You have turned to stone.
The basilisk bites you but does no damage.
The basilisk bites you! The basilisk bites you!
* * * LOW HITPOINT WARNING * * *
The basilisk bites you!
* * * LOW HITPOINT WARNING * * *
The basilisk gazes at you. The basilisk bites you!!
* * * LOW HITPOINT WARNING * * *
The basilisk bites you!
You die...

#................
#.................
#....?............
#.................
......=...........
#.................
#......<..........
#........l........
#........#@#####.
#..S.....###
#.......l#
#........#
.........#
..?.####.. .. #.


You could see a basilisk.

Vanquished Creatures
  A hydra (D:11)
  Pikel (D:6)
  An ugly thing (D:11)
  Psyche (D:8)
  A gargoyle (D:10)
  Maggie (D:9)
  A hornet (D:10)
  Grinder (D:6)
  3 shadows (D:10)
  Sigmund (D:2)
  A wyvern (D:8)
  9 yaks (D:9)
  Eustachio (D:5)
  Edmund (D:6)
  A two-headed ogre zombie (D:10)
  3 water moccasins
  2 sky beasts
  6 ice beasts
  2 phantoms
  2 orc warriors
  6 ogres
  4 centaurs
  A lemure (D:6)
  5 big kobolds
  4 bullfrogs
  2 gnoll sergeants
  A wyvern zombie (D:10)
  A water moccasin zombie (D:6)
  2 troll zombies (D:10)
  A wyvern skeleton (D:11)
  4 scorpions
  9 howler monkeys
  5 killer bees (D:11)
  2 bullfrog zombies
  2 quasits (D:7)
  2 jellies
  5 hounds
  17 orc wizards
  Crazy Yiuf (D:2)
  A bullfrog skeleton (D:6)
  2 orc priests
  2 centaur skeletons (D:4)
  5 iguanas
  2 worker ants
  5 ogre zombies (D:10)
  2 hound skeletons (D:10)
  A worker ant zombie (D:6)
  Robin (D:2)
  18 gnolls
  10 adders
  2 shadow imps
  4 white imps
  3 ufetubi
  4 oozes
  An adder zombie (D:7)
  5 worms
  A dart slug (D:1)
  5 leopard geckos
  30 orcs
  9 bats
  4 giant cockroaches
  2 gnoll zombies (D:9)
  52 goblins
  26 hobgoblins
  5 jackals
  16 kobolds
  8 quokkas
  2 ball pythons
  2 frilled lizards
  A giant cockroach zombie (D:5)
  4 goblin skeletons
  6 goblin zombies
  2 hobgoblin skeletons (D:10)
  3 hobgoblin zombies
  2 kobold skeletons (D:7)
  A kobold zombie (D:7)
  A leopard gecko zombie (D:5)
  5 orc skeletons
  13 orc zombies (D:10)
  2 quokka zombies
  9 rats
393 creatures vanquished.

Vanquished Creatures (others)
  6 plants (D:8)
6 creatures vanquished.

Grand Total: 399 creatures vanquished

Notes
Turn   | Place    | Note
-------+----------+-------------------------------------------
     0 | D:1      | kae the Tengu Transmuter began the quest for the Orb.
     0 | D:1      | Reached XP level 1. HP: 12/12 MP: 4/4
   131 | D:1      | Reached XP level 2. HP: 16/16 MP: 4/6
   646 | D:1      | Reached XP level 3. HP: 20/20 MP: 7/7
   651 | D:1      | Learned a level 3 spell: Spider Form
   987 | D:2      | Noticed Robin
  1007 | D:2      | Killed Robin
  1170 | D:2      | Reached XP level 4. HP: 26/26 MP: 6/8
  1532 | D:2      | Noticed Sigmund
  2099 | D:2      | Gained mutation: You can fly continuously. [Tengu growth]
  2099 | D:2      | Reached XP level 5. HP: 14/30 MP: 5/9
  2320 | D:2      | Killed Sigmund
  2320 | D:2      | Reached XP level 6. HP: 23/37 MP: 6/10
  2541 | D:2      | Found a runed translucent door.
  2542 | D:2      | Noticed Crazy Yiuf
  2598 | D:2      | Found a radiant altar of Vehumet.
  2598 | D:2      | Found a bloodstained altar of Trog.
  2598 | D:2      | Found a stormy altar of Qazlal.
  2598 | D:2      | Found a shimmering blue altar of Sif Muna.
  2616 | D:2      | Found an ancient bone altar of Kikubaaqudgha.
  2616 | D:2      | Found an iron altar of Okawaru.
  2682 | D:2      | Reached skill level 5 in Unarmed Combat
  2795 | D:2      | Killed Crazy Yiuf
  3698 | D:4      | Reached XP level 7. HP: 41/41 MP: 11/11
  4971 | D:4      | Reached skill level 5 in Transmutations
  4979 | D:4      | Reached XP level 8. HP: 35/48 MP: 10/12
  6558 | D:5      | Entered Level 5 of the Dungeon
  7171 | D:5      | Reached skill level 5 in Fighting
  7386 | D:5      | Noticed Eustachio
  7415 | D:5      | Killed Eustachio
  7811 | D:6      | Noticed Pikel
  7830 | D:6      | Killed Pikel
  7830 | D:6      | Reached XP level 9. HP: 36/55 MP: 11/13
  8469 | D:6      | Found a staircase to the Ecumenical Temple.
  8537 | D:6      | Noticed Grinder
  8546 | D:6      | Killed Grinder
  8615 | Temple   | Entered the Ecumenical Temple
  8859 | Temple   | Became a worshipper of Ru the Awakened
  9129 | D:6      | Noticed Edmund
  9142 | D:6      | Killed Edmund
 10002 | D:7      | Reached XP level 10. HP: 24/61 MP: 8/14
 10246 | D:7      | Found a glowing golden altar of the Shining One.
 11030 | D:8      | Noticed Psyche
 11149 | D:8      | Learned a level 5 spell: Blade Hands
 11154 | D:8      | Learned a level 4 spell: Ice Form
 11324 | D:8      | Killed Psyche
 11957 | D:8      | Found a transporter.
 11958 | D:8      | Noticed Grum
 11960 | D:8      | Identified the cursed +0 buckler of the Salamander {Dex+2}
 11967 | D:8      | Noticed gbos's ghost (journeyman GrEE)
 12007 | D:8      | Found a transporter.
 12545 | D:9      | Found a basalt altar of Yredelemnul.
 12716 | D:9      | Noticed Maggie
 13113 | D:9      | Killed Maggie
 13113 | D:9      | Reached XP level 11. HP: 11/68 MP: 6/15
 13398 | D:9      | Reached skill level 10 in Transmutations
 13801 | D:10     | Entered Level 10 of the Dungeon
 14146 | D:10     | Found a staircase to the Orcish Mines.
 14161 | D:10     | Reached skill level 10 in Unarmed Combat
 15553 | D:10     | Found a staircase to the Lair.
 15966 | D:11     | Noticed a red ugly thing
 15978 | D:11     | Killed a red ugly thing
 16884 | D:11     | Found Ruiquung's Armour Boutique.
 17005 | D:11     | Noticed an eight-headed hydra
 17040 | D:11     | Killed an eight-headed hydra
 17379 | Lair:1   | Entered Level 1 of the Lair of Beasts
 17404 | Lair:1   | HP: 3/71 [basilisk (9)]
 17405 | Lair:1   | Slain by a basilisk

Illustrated notes

Levels and vault maps discovered:
D:1:      erik_arrival_blinker_ship, layout_basic, minmay_misc_feat_tiny
D:2:      layout_rooms, minmay_overflow_temple_hex, minmay_goblin_outpost,
          uniq_crazy_yiuf_cottage, uniq_sigmund, uniq_robin
D:3:      layout_basic
D:4:      minmay_goblin_kobold_castle, layout_rooms
D:5:      layout_loops_ring, kennysheep_another_room, uniq_eustachio
D:6:      layout_loops_ring, minmay_temple_entry_fiery,
          kennysheep_opposing_triangles, uniq_grinder, uniq_edmund, uniq_pikel
D:7:      wander_river, layout_cave_pools, nicolae_tso_besieged_by_evil,
          hex_tiny
D:8:      layout_rooms, gammafunk_ghost_gnarly_gnolls,
          kennysheep_generic_room_4, uniq_psyche, uniq_grum
D:9:      layout_irregular_city, lemuel_zombie_altar_yredelemnul, uniq_maggie
D:10:     layout_roguey, lair_entry_dummy, zombieorc2_lemuel
D:11:     layout_cave_pools, serial_shops, nicolae_shop_waterfront,
          minmay_strange_pillars
Temple:   minmay_temple_curvy_branch
Lair:1:   layout_small_grid, special_room [special_room_bee]

Skill      XL: |  1  2  3  4  5  6  7  8  9 10 11 |
---------------+----------------------------------+-----
Transmutations | 2 3 4 5 7 8 9 10 | 10.9
Unarmed Combat | 4 5 6 7 8 9 10 | 10.6
Fighting       | 2 3 4 5 6 8 9 |  9.2
Dodging        | |  2.1
Spellcasting   | |  2.0

Action                   |  1- 3 |  4- 6 |  7- 9 | 10-12 || total
-------------------------+-------+-------+-------+-------++-------
Melee: Unarmed           |    73 |   128 |   424 |   446 ||  1071
       Kick              |    15 |    25 |    47 |    61 ||   148
       Headbutt          |     5 |     8 |    12 |     7 ||    32
       Peck              |     4 |    16 |    40 |    38 ||    98
       Punch             |       |       |     1 |     9 ||    10
 Cast: Beastly Appendage |    13 |    11 |    20 |     6 ||    50
       Spider Form       |       |     6 |    33 |    25 ||    64
       Blade Hands       |       |       |       |    25 ||    25
       Ice Form          |       |       |       |     1 ||     1
 Abil: Fly               |       |     1 |       |       ||     1
  Use: Scroll            |       |    10 |     9 |     7 ||    26
       Potion            |       |       |     2 |     1 ||     3
 Stab: Sleeping          |     1 |       |       |     1 ||     2
       Distracted        |       |     1 |       |       ||     1
Armor: Robe              |    23 |    14 |    27 |    30 ||    94
       Skin              |       |       |     9 |    28 ||    37
Dodge: Dodged            |    50 |    96 |   381 |   339 ||   866

Table legend: (Time is in decaauts)
 A = Elapsed time spent in this place.
 B = Non-inter-level travel time spent in this place.
 C = Inter-level travel time spent in this place.
 D = Time resting spent in this place.
 E = Time spent auto-exploring this place.
 F = Levels seen in this place.
 G = Mean time per level.
                   A        B        C        D        E       F      G
               +--------+--------+--------+--------+--------+-----+--------+
         Total |  16642 |  16222 |    420 |   2963 |  10750 |  13 | 1280.2 |
       Dungeon |  16375 |  15995 |    380 |   2960 |  10548 |  11 | 1488.6 |
        Temple |    242 |    203 |     39 |      0 |    201 |   1 |  242.0 |
          Lair |     24 |     24 |      0 |      3 |      0 |   1 |   24.0 |
               +--------+--------+--------+--------+--------+-----+--------+

Top non-repeatable levels by time:
     D:4: 2808 daAuts
    D:10: 1909 daAuts
     D:1: 1724 daAuts
     D:6: 1705 daAuts
    D:11: 1533 daAuts
     D:9: 1389 daAuts
     D:7: 1330 daAuts
     D:2: 1077 daAuts
     D:8: 1005 daAuts
     D:5: 983 daAuts
     D:3: 908 daAuts
  Temple: 242 daAuts
  Lair:1: 24 daAuts
